 Dungeon Crawl Stone Soup version 0.30-b1-5-g8e6c1be481 (webtiles) character file.

Game seed: 9712237613018009146

20192 monsoonserge the Protected (level 13, -1/156 (174) HPs)
             Began as a Formicid Fighter on May 3, 2023.
             Was a Priest of Dithmenos.
             Slain by a dire elephant simulacrum (9 damage)
             ... in an ice cave.
             The game lasted 00:55:35 (11604 turns).

monsoonserge the Protected (Formicid Fighter)      Turns: 11604, Time: 00:55:36

HP:   -1/156 (174)  AC: 26    Str: 26    XL:     13   Next: 10%
MP:   14/14         EV:  2    Int:  8    God:    Dithmenos [***...]
Gold: 845           SH: 20    Dex: 13    Spells: 12/12 levels left

rFire   + . .        e - +3 whip (distort)
rCold   + . .        T - +1 tower shield {rC+}
rNeg    . . .        p - melded +1 chain mail {rC+}
rPois   +            (helmet unavailable)
rElec   .            N - melded +2 cloak
rCorr   .            (gloves currently unavailable)
SInv    .            (boots currently unavailable)
Will    ++...        Q - amulet of reflection
Stlth   +++          y - ring "Koequcegass" {rPois rF+ Will+}
HPRegen 0.46/turn    f - +5 ring of evasion
MPRegen 0.14/turn

%: reflection
@: tree-form, wreathed by umbra, heavily drained
A: stationary, stasis, torment immunity, boosted hp, permanent stasis, dig
shafts and tunnels, (antennae 3), four strong arms, (fire resistance 1), robust
1, wild magic 1
a: Renounce Religion, Shadow Step


You were in an ice cave.
You worshipped Dithmenos.
Dithmenos was most pleased with you.
You were a tree.
You visited 2 branches of the dungeon, and saw 12 of its levels.
You also visited: Ice Cave.

You collected 845 gold pieces.

Inventory:

Hand Weapons
 d - a +1 hand crossbow of freezing
 e - a +3 whip of distortion (weapon)
 K - a +2 heavy hand axe
 U - a +2 giant club
 W - a +0 spear of freezing
Missiles
 g - 3 poisoned darts
 k - 2 boomerangs (quivered)
 l - 107 stones
 E - a throwing net
Armour
 c - a +0 buckler
 p - a +1 chain mail of cold resistance (melded)
 N - a +2 cloak (melded)
 O - a +0 plate armour
 T - a +1 tower shield of cold resistance (worn)
 V - a +1 leather armour of resistance
Jewellery
 f - a +5 ring of evasion (right branch)
 h - a ring of protection from fire
 q - an amulet of magic regeneration
 y - the ring "Koequcegass" (left branch) {rPois rF+ Will+}
   (You found it on level 10 of the Dungeon)

   [ring of willpower]

   rF:        It protects you from fire.
   rPois:     It protects you from poison.
   Will:      It increases your willpower.
 C - a +6 ring of intelligence
 J - a ring of positive energy
 Q - an amulet of reflection (around neck)
Wands
 b - a wand of polymorph (6)
 t - a wand of roots (9)
 H - a wand of mindburst (9)
Scrolls
 a - 5 scrolls of fog
 i - 2 scrolls of magic mapping
 n - 4 scrolls of butterflies
 o - a scroll of silence {unknown}
 r - 2 scrolls of enchant armour
 x - 3 scrolls of immolation
 z - a scroll of poison {unknown}
 D - 2 scrolls of enchant weapon
 I - a scroll of fear {unknown}
 L - a scroll of vulnerability {unknown}
 M - a scroll of torment {unknown}
 S - a scroll of amnesia {unknown}
Potions
 m - a potion of mutation
 s - a potion of resistance {unknown}
 u - a potion of flight {unknown}
 v - 7 potions of curing
 w - a potion of invisibility
 A - a potion of lignification
 B - 2 potions of berserk rage {unknown}
 F - a potion of brilliance
 G - 2 potions of haste
 P - a potion of ambrosia {unknown}
 R - a potion of cancellation {unknown}


   Skills:
 + Level 11.0 Fighting
 + Level 2.0(7.8) Axes
 - Level 11.9(12.0) Maces & Flails
 + Level 4.4 Throwing
 + Level 13.0 Armour
 + Level 3.9 Dodging
 + Level 2.9 Stealth
 + Level 7.2 Shields
 - Level 2.0 Invocations
 + Level 0.4 Evocations


You had 12 spell levels left.
You didn't know any spells.
Your spell library contained the following spells:

 Spells                   Type           Power      Damage    Failure   Level
 Sandblast                Erth           0%         2d4       90%         1
 Slow                     Hex            0%         N/A       90%         1
 Cigotuvi's Dreadful Rot  Necr/Pois/Air  0%         N/A       97%         2
 Lesser Beckoning         Tloc           0%         N/A       97%         2
 Passwall                 Tmut/Erth      0%         N/A       97%         2
 Static Discharge         Conj/Air       0%         2-2/arc   97%         2
 Call Canine Familiar     Summ           0%         N/A       99%         3
 Confusing Touch          Hex            0%         N/A       99%         3
 Gell's Gravitas          Tloc           0%         N/A       99%         3
 Ignite Poison            Fire/Tmut/Pois 0%         N/A       99%         3
 Portal Projectile        Hex/Tloc       0%         N/A       99%         3
 Stone Arrow              Conj/Erth      0%         3d7       99%         3
 Teleport Other           Tloc           0%         N/A       99%         3
 Vampiric Draining        Necr           0%         2d6       99%         3
 Airstrike                Air            0%         2d(0-16)  100%        4
 Leda's Liquefaction      Hex/Erth       0%         N/A       100%        4
 Manifold Assault         Tloc           0%         N/A       100%        4
 Olgreb's Toxic Radiance  Pois           0%         N/A       100%        4
 Summon Lightning Spire   Summ/Air       0%         N/A       100%        4
 Freezing Cloud           Conj/Ice/Air   0%         6-21      100%        5
 Storm Form               Tmut/Air       0%         N/A       100%        7
 Discord                  Hex            0%         N/A       100%        8
 Ignition                 Fire           0%         3d3       100%        8
 Blink                    Tloc           Unusable   N/A       N/A         2

Dungeon Overview and Level Annotations

Branches:
Dungeon (11/15)            Temple (1/1) D:7            Lair (0/5) D:8
    Orc (0/2) D:11          IceCv (1/1)

Altars:
Ashenzari
Cheibriados
Dithmenos
Elyvilon
Fedhas
Gozag
Hepliaklqana
Kikubaaqudgha
Makhleb
Nemelex Xobeh
Okawaru
Qazlal
Ru
Sif Muna
Trog
Uskayaw
Vehumet
Wu Jian
Xom
Yredelemnul
Zin
The Shining One

Shops:
D:9 =

Annotations:
Abyss:1 Maggie, Urug IceCv exclusion: ice statue


Innate Abilities, Weirdness & Mutations

You are a tree.
Your roots penetrate the ground, keeping you stationary.
You cannot be teleported.
You are immune to unholy pain and torment.
Your maximum health is greatly increased.
Your equipment is partially melded.
You cannot be hasted, slowed, berserked, paralysed or teleported.
You can dig through walls and to a lower floor.
((You have a pair of large antennae on your head. (SInv)))
Your four strong arms can wield two-handed weapons with a shield.
((Your flesh is heat resistant. (rF+)))
You are robust. (+10% HP)
Your spells are a little harder to cast, but a little more powerful.


Message History

The necromancer is almost dead.
You block the necromancer's attack.
You barely miss the necromancer.
The necromancer is almost dead.
You block the dire elephant simulacrum's attack. x2
You hit the necromancer.
Space warps around the necromancer.
The necromancer is almost dead.
The necromancer gestures wildly while chanting.
The necromancer binds the souls of nearby monsters.
You whack the necromancer!
You kill the necromancer!
Dithmenos accepts your kill.
You block the dire elephant simulacrum's attack.
The dire elephant simulacrum trunk-slaps you.
* * * LOW HITPOINT WARNING * * *
The dire elephant simulacrum freezes you!
You resist.
* * * LOW HITPOINT WARNING * * *
Your Armour skill increases to level 13!
You feel better.
You block the dire elephant simulacrum's attack.
The dire elephant simulacrum trunk-slaps you but does no damage.
You hit the dire elephant simulacrum but do no damage.
The dire elephant simulacrum is moderately damaged.
You whack the dire elephant simulacrum!
The dire elephant simulacrum is heavily damaged.
The dire elephant simulacrum blinks!
You hit the dire elephant simulacrum but do no damage.
Space warps around the dire elephant simulacrum.
The dire elephant simulacrum is lightly damaged.
The dire elephant simulacrum tramples you but does no damage.
You block the dire elephant simulacrum's attack.
You whack the dire elephant simulacrum!
Space warps around the dire elephant simulacrum.
The dire elephant simulacrum is heavily damaged.
You hit the dire elephant simulacrum.
Space warps horribly around the dire elephant simulacrum!
The dire elephant simulacrum is almost destroyed.
The dire elephant simulacrum tramples you!
You die...

{{{ { ########8........# {
#.).........# ...#
#...........# ....###
####.......## #.....
###...### #...8. ###
##..### #.... ##.###
####..## #^.^
#####)...#####..#...#
#...##.#ZZ♣##....#.....###
#.......######....#####
###.##.## ###### ######


You could see 2 dire elephant simulacra.

Vanquished Creatures
  Erolcha (D:11)
  Erica (D:10)
  A necromancer (IceCv)
  An ugly thing (D:11)
  An unseen horror (D:11)
  Psyche (D:9)
  2 anaconda simulacra (IceCv)
  A freezing wraith (IceCv)
  11 ice devils (IceCv)
  2 trolls (D:11)
  The ghost of sigtrap the Insei, an amateur DsTm of Qazlal (D:4)
  Prince Ribbit (D:6)
  2 wraiths
  A dire elephant simulacrum (IceCv)
  3 wyverns (D:8)
  19 yaks
  3 humans (D:7)
  3 death yak simulacra (IceCv)
  2 steam dragons (D:8)
  A basilisk (D:8)
  A harpy simulacrum (IceCv)
  Duvessa (D:6)
  An acid dragon (D:9)
  6 water moccasins
  A hydra simulacrum (IceCv)
  A swamp drake (D:11)
  3 orc warriors
  A sky beast (D:8)
  2 black bears
  2 ogres
  A centaur (D:7)
  3 wolves (D:8)
  2 bullfrogs
  A scorpion (D:6)
  A two-headed ogre simulacrum (IceCv)
  3 cane toad simulacra (IceCv)
  Dowan (D:6)
  21 killer bees
  3 elephant simulacra (IceCv)
  7 howler monkeys
  2 jellies (D:5)
  4 orc priests
  2 centaur skeletons (D:4)
  A gnoll bouda (D:9)
  A hound (D:6)
  Crazy Yiuf (D:7)
  Jessica (D:3)
  2 iguanas
  10 orc wizards
  A sleepcap (D:5)
  Natasha (thrice) (D:3)
  4 polar bear simulacra (IceCv)
  3 wolf simulacra (IceCv)
  5 gnolls
  5 adders
  A naga simulacrum (IceCv)
  4 shadow imps
  A white imp (IceCv)
  4 ufetubi
  A worm (D:3)
  2 dart slugs
  44 orcs
  5 endoplasms
  3 giant cockroaches
  8 goblins
  3 hobgoblins
  6 jackals
  3 kobolds
  4 quokkas
  8 ball pythons
  6 bats
  3 frilled lizards
  5 rats
276 creatures vanquished.

Vanquished Creatures (others)
  An orc wizard (D:9)
  6 fungi (D:8)
  13 plants (D:8)
20 creatures vanquished.

Grand Total: 296 creatures vanquished

Notes
Turn   | Place    | Note
-------+----------+-------------------------------------------
     0 | D:1      | monsoonserge the Formicid Fighter began the quest for the
                  | Orb.
     0 | D:1      | Reached XP level 1. HP: 18/18 MP: 1/1
   173 | D:1      | Reached XP level 2. HP: 24/24 MP: 2/2
   439 | D:1      | Reached XP level 3. HP: 29/30 MP: 3/3
  1153 | D:2      | Found a radiant altar of Vehumet.
  1207 | D:2      | Reached skill level 1 in Maces & Flails
  1207 | D:2      | Reached XP level 4. HP: 37/37 MP: 4/4
  1535 | D:3      | Noticed Natasha
  1542 | D:3      | Killed Natasha
  1543 | D:3      | Reached skill level 5 in Shields
  1602 | D:3      | Reached XP level 5. HP: 37/42 MP: 5/5
  1736 | D:3      | Noticed Natasha
  1752 | D:3      | Killed Natasha
  1753 | D:3      | Reached skill level 4 in Armour
  1779 | D:3      | Noticed Natasha
  1782 | D:3      | Killed Natasha
  1788 | D:3      | Noticed Jessica
  1792 | D:3      | Killed Jessica
  2159 | D:4      | Reached XP level 6. HP: 48/48 MP: 6/6
  2312 | D:4      | Reached skill level 1 in Dodging
  2320 | D:4      | Found a runed translucent gate.
  2320 | D:4      | Found a runed translucent gate.
  2320 | D:4      | Found a runed translucent gate.
  2537 | D:4      | Noticed sigtrap's ghost (amateur DsTm)
  3037 | D:5      | Entered Level 5 of the Dungeon
  3055 | D:5      | Noticed an ogre
  3065 | D:5      | Killed an ogre
  3066 | D:5      | Reached skill level 5 in Armour
  3066 | D:5      | Reached XP level 7. HP: 55/55 MP: 7/7
  3227 | D:5      | Reached skill level 1 in Stealth
  3443 | D:5      | Reached skill level 5 in Fighting
  3495 | D:5      | Reached XP level 8. HP: 56/62 MP: 8/8
  3740 | D:6      | Noticed Prince Ribbit
  3762 | D:6      | Killed Prince Ribbit
  3763 | D:6      | Reached skill level 5 in Maces & Flails
  3763 | D:6      | Reached skill level 6 in Armour
  4287 | D:6      | Reached skill level 1 in Throwing
  4742 | D:6      | Noticed Duvessa
  4811 | D:6      | Noticed Dowan
  4812 | D:6      | Killed Duvessa
  4818 | D:6      | Killed Dowan
  4819 | D:6      | Reached XP level 9. HP: 69/69 MP: 9/9
  5107 | D:6      | Found a shimmering blue altar of Sif Muna.
  5151 | D:6      | Reached skill level 7 in Armour
  5644 | D:4      | Killed sigtrap's ghost
  5732 | D:7      | Found a staircase to the Ecumenical Temple.
  5745 | Temple   | Entered the Ecumenical Temple
  5920 | Temple   | Became a worshipper of Dithmenos the Shadowed
  5960 | D:7      | Noticed Maggie
  5984 | D:7      | Banished Maggie
  5985 | D:7      | Reached skill level 8 in Armour
  6298 | D:7      | Reached XP level 10. HP: 35/79 MP: 10/10
  6396 | D:7      | Found a runed translucent door.
  6397 | D:7      | Noticed Crazy Yiuf
  6403 | D:7      | Killed Crazy Yiuf
  6794 | D:8      | Reached skill level 9 in Armour
  7140 | D:8      | Reached * piety under Dithmenos
  7403 | D:8      | Reached skill level 10 in Armour
  7418 | D:8      | Found a staircase to the Lair.
  7525 | D:8      | Found a hazy altar of Hepliaklqana.
  7651 | D:8      | Found an ornate altar of the Wu Jian Council.
  7969 | D:9      | Noticed Psyche
  7978 | D:9      | Killed Psyche
  7979 | D:9      | Reached XP level 11. HP: 71/86 MP: 11/11
  8128 | D:9      | Noticed a two-headed ogre
  8217 | D:9      | Banished a two-headed ogre
  8218 | D:9      | Reached skill level 10 in Maces & Flails
  8252 | D:9      | Found Lathryg's Jewellery Shop.
  9090 | D:10     | Entered Level 10 of the Dungeon
  9122 | D:10     | Noticed Erica
  9136 | D:10     | Killed Erica
  9136 | D:10     | Reached ** piety under Dithmenos
  9137 | D:10     | Reached skill level 11 in Armour
  9159 | D:10     | Noticed Urug
  9167 | D:10     | Banished Urug
  9168 | D:10     | Reached skill level 1 in Invocations
  9345 | D:10     | Noticed a two-headed ogre
  9354 | D:10     | Banished a two-headed ogre
  9453 | D:10     | Reached XP level 12. HP: 59/96 MP: 13/13
  9665 | D:10     | Identified the ring "Koequcegass" {rPois rF+ Will+}
 10064 | D:11     | Found a staircase to the Orcish Mines.
 10184 | D:11     | Noticed Erolcha
 10197 | D:11     | Killed Erolcha
 10198 | D:11     | Reached skill level 10 in Fighting
 10213 | D:11     | Reached skill level 12 in Armour
 10403 | D:11     | Found a frozen archway.
 10408 | D:11     | Found a radiant altar of Vehumet.
 10464 | IceCv    | Entered an ice cave
 10533 | IceCv    | Reached *** piety under Dithmenos
 10774 | IceCv    | Found an ancient bone altar of Kikubaaqudgha.
 10816 | IceCv    | Gained mutation: Your flesh is heat resistant. (rF+)
                  | [potion of mutation]
 10816 | IceCv    | Gained mutation: You are robust. (+10% HP) [potion of
                  | mutation]
 10816 | IceCv    | Gained mutation: Your spells are a little harder to cast,
                  | but a little more powerful. [potion of mutation]
 11261 | IceCv    | Reached XP level 13. HP: 51/115 MP: 14/14
 11598 | IceCv    | HP: 1/150 [dire elephant simulacrum (15)]
 11599 | IceCv    | Reached skill level 13 in Armour
 11604 | IceCv    | Slain by a dire elephant simulacrum

Illustrated notes

Levels and vault maps discovered:
D:1:      dpeg_arrival_radiant, layout_loops_cross, minivault_4
D:2:      layout_basic, basic_altar, minmay_quantized
D:3:      layout_rooms, minmay_misc_feat_square, uniq_natasha, uniq_jessica
D:4:      layout_basic, gammafunk_ghost_necromancy, kennysheep_potato
D:5:      layout_basic, minmay_misc_feat_four_crosses
D:6:      layout_layer_cave, kennysheep_mini, uniq_prince_ribbit1, uniq_duvessa
D:7:      layout_rooms, minmay_temple_entry_offerings, minmay_ruffians,
          uniq_maggie, uniq_crazy_yiuf_cottage
D:8:      layout_loops_cross, mainiacjoe_overflow_six_doors_small,
          lemuel_round_altar, minmay_lair_entry_grove
D:9:      layout_loops_ring, serial_shops, shop_fountains, minivault_4,
          uniq_psyche
D:10:     layout_loops_ring, uniq_erica, uniq_urug
D:11:     layout_cave_pools, erik_orc_1, portal_ice_cave_entry_pillars_1,
          nicolae_vehumet_altar_sigil, uniq_erolcha
Temple:   nicolae_temple_bog_church
IceCv:    ice_cave_small_necro

Skill      XL: |  1  2  3  4  5  6  7  8  9 10 11 12 13 |
---------------+----------------------------------------+-----
Fighting       | 4 5 7 8 9 10 11 | 11.0
Maces & Flails | 1 2 3 4 6 7 9 11 | 11.9
Shields        | 5 6 7 |  7.2
Armour         | 4 5 6 8 10 11 12 13 | 13.0
Dodging        | 1 2 3 |  3.9
Stealth        | 1 2 |  2.9
Throwing       | 1 2 3 4 |  4.4
Invocations    | 2 |  2.0
Axes           | |  2.0
Evocations     | |  0.4

Action                     |  1- 3 |  4- 6 |  7- 9 | 10-12 | 13-15 || total
---------------------------+-------+-------+-------+-------+-------++-------
  Melee: Whip              |    96 |    99 |   213 |   687 |    64 ||  1159
  Throw: Dart              |       |     2 |    12 |     5 |       ||    19
         Stone             |       |     1 |     1 |     1 |       ||     3
         Boomerang         |       |       |       |    16 |     1 ||    17
  Evoke: Wand              |       |       |     1 |     1 |       ||     2
    Use: Potion            |       |       |     4 |     7 |     3 ||    14
         Scroll            |       |       |       |     9 |       ||     9
   Stab: Invisible         |       |       |       |     1 |       ||     1
 Armour: Scale mail        |    36 |    10 |       |       |       ||    46
         Chain mail        |       |    24 |    85 |    45 |     4 ||   158
         Plate armour      |       |       |       |   110 |       ||   110
         Skin              |       |       |       |       |    10 ||    10
  Dodge: Dodged            |    40 |    27 |    59 |   185 |     8 ||   319
  Block: Buckler           |    16 |    17 |    41 |   154 |       ||   228
         Reflection        |       |       |       |     1 |     1 ||     2
         Tower shield      |       |       |       |    77 |    43 ||   120
